 Dungeon Crawl Stone Soup version 0.29.0-13-gc9e81de378 (webtiles) character file.

Game seed: 11820503573115040097

136 ImASeal the Chopper (level 4, -1/44 HPs)
             Began as a Troll Berserker on Sept 8, 2022.
             Was a Priest of Trog.
             Killed from afar by an orc wizard (8 damage)
             ... with a magic dart
             ... on level 3 of the Dungeon.
             The game lasted 00:07:04 (2495 turns).

ImASeal the Chopper (Troll Berserker)               Turns: 2495, Time: 00:07:05

Health: -1/44      AC:  4    Str: 33    XL:     4   Next: 98%
Magic:  0/3        EV: 10    Int:  3    God:    Trog [***...]
Gold:   196        SH:  0    Dex:  9    Spells: 3/3 levels left

rFire   . . .      SeeInvis .   a - +0 hand axe
rCold   . . .      Faith    .   (no shield)
rNeg    . . .      Spirit   +   b - +0 animal skin
rPois   .          Reflect  .   (helmet restricted)
rElec   .          Harm     .   (no cloak)
rCorr   .          Rampage  .   (gloves unavailable)
Will    .....                   (boots unavailable)
Stlth   +.........              d - amulet of guardian spirit
HPRegen 0.94/turn               j - +6 ring of strength
MPRegen 0.08/turn               u - +4 ring of slaying

@: lethally poisoned (-1 -> -2)
A: large, unfitting armour, claws 3, regeneration 1, shaggy fur 1, tough skin 1
a: Renounce Religion, Berserk, Trog's Hand


You were on level 3 of the Dungeon.
You worshipped Trog.
Trog was most pleased with you.
You visited 1 branch of the dungeon, and saw 5 of its levels.

You collected 196 gold pieces.

Inventory:

Hand Weapons
 a - a +0 hand axe (weapon)
Missiles
 e - 33 stones (quivered)
 p - 12 poisoned darts
 x - 3 curare-tipped darts
Armour
 b - a +0 animal skin (worn)
Jewellery
 d - an amulet of guardian spirit (around neck)
 j - a +6 ring of strength (left claw)
 u - a +4 ring of slaying (right claw)
 w - a ring of positive energy
Wands
 t - a wand of iceblast (6)
Scrolls
 f - a scroll of butterflies {unknown}
 g - 2 scrolls of amnesia {unknown}
 h - 4 scrolls of magic mapping {unknown}
 k - a scroll of teleportation {unknown}
 l - 3 scrolls of noise {unknown}
 r - a scroll of immolation {unknown}
 s - a scroll of identify {unknown}
Potions
 c - a potion of cancellation {unknown}
 i - a potion of haste
 m - 2 potions of mutation {unknown}
 n - a potion of curing {unknown}
 o - a potion of degeneration {unknown}
 q - a potion of magic {unknown}
 v - a potion of heal wounds {unknown}


   Skills:
 - Level 2.4 Fighting
 * Level 4.7 Axes
 - Level 2.4 Dodging


You had 3 spell levels left.
You didn't know any spells.
Your spell library was empty.

Dungeon Overview and Level Annotations

Branches:
Dungeon (5/15)
 Temple: D:4-7

Altars:
Sif Muna
Yredelemnul

Shops:
D:3 (

Annotations:
D:1 Sigmund


Innate Abilities, Weirdness & Mutations

You are too large for most types of armour.
You have claws for hands.
Your natural rate of healing is unusually fast.
You are covered in fur. (AC +1)
You have tough skin. (AC +1)


Message History

You hear some strange, mumbled words.
A magic dart appears from out of thin air!
The magic dart hits you. Something hits you but does no damage.
You hit something. You miss something.
You feel very sick.
You hear some strange, mumbled words.
A puff of flame appears from out of thin air!
The puff of flame misses you. Something hits you.
The adder hisses angrily.
You slash something! You miss something.
You feel less confused.
You feel very sick.
Something hits you but does no damage. x2
You slash something! Trog accepts your kill.
Trog appreciates your killing of a magic user.
Reactivating autopickup.
You feel a bit more experienced.
You miss something.
You feel sick. Something hits you.
Deactivating autopickup; reactivate with Ctrl-A.
You slash the orc!
You kill the orc!
Trog accepts your kill.
You hit something.
You feel sick. Something hits you. The gnoll closely misses you.
Something hits you.
You hit the gnoll.
The gnoll is heavily wounded.
You barely miss something.
You feel sick. Something hits you but does no damage.
The gnoll hits you with a +0 whip.
* * * LOW HITPOINT WARNING * * *
You barely miss the gnoll.
The gnoll is heavily wounded.
You hit something.
You feel sick. Something hits you.
* * * LOW HITPOINT WARNING * * *
The gnoll hits you with a +0 whip.
* * * LOW HITPOINT WARNING * * *
You feel sick.
A magic dart appears from out of thin air!
The magic dart hits you!
You die...

### #.# #.# #.# ###
#.###.#
##.#####.....######
......<.........@.######
##.#####.#.#..>.)g{g...#
.## #.....#####S###.#
... #...†.........
.##.##.#.#######.##..
.......#.# #.# ##
.#.......# ###
....>....#######
......#.........#


You could see a gnoll, an adder (summoned) and a hobgoblin (summoned).

Vanquished Creatures
  An orc wizard (D:3)
  3 adders (D:2)
  A worm (D:3)
  5 orcs
  12 endoplasms
  3 giant cockroaches
  7 goblins
  5 hobgoblins
  5 quokkas
  4 ball pythons
  5 bats
  5 frilled lizards
  8 kobolds
  6 rats
70 creatures vanquished.

Notes
Turn   | Place    | Note
-------+----------+-------------------------------------------
     0 | D:1      | ImASeal the Troll Berserker began the quest for the Orb.
     0 | D:1      | Reached XP level 1. HP: 22/22 MP: 0/0
   295 | D:1      | Reached XP level 2. HP: 28/29 MP: 1/1
   365 | D:1      | Reached skill level 3 in Axes
  1007 | D:2      | Noticed Sigmund
  1020 | D:1      | HP: 1/29 [Sigmund/puff of flame (6)]
  1146 | D:2      | Reached XP level 3. HP: 30/36 MP: 2/2
  1154 | D:2      | Found a shimmering blue altar of Sif Muna.
  1227 | D:2      | Reached ** piety under Trog
  1278 | D:2      | Reached skill level 4 in Axes
  1278 | D:2      | Reached XP level 4. HP: 44/44 MP: 3/3
  1762 | D:3      | Found Biafeb's Antique Weapon Shop.
  1792 | D:3      | Found a basalt altar of Yredelemnul.
  1944 | D:3      | You fall into a shaft and drop 2 floors!
  1944 | D:5      | Entered Level 5 of the Dungeon
  2101 | D:4      | Noticed an ogre
  2120 | D:4      | Noticed an ogre
  2491 | D:3      | Reached *** piety under Trog
  2495 | D:3      | Killed from afar by an orc wizard

Illustrated notes

Levels and vault maps discovered:
D:1:      spicycebolla_arrival_ecumenical, layout_loops_corners,
          serial_bayou_pond_d
D:2:      layout_rooms, basic_altar, uniq_sigmund
D:3:      layout_basic, yredelemnul_altar_generic, serial_shops,
          nicolae_lakefront_shop, pf_guarded_unrand_woodcutter
D:4:      minmay_chambers_of_threes, layout_basic, portal_sewer_entry_a,
          kennysheep_cross_bottleneck, minmay_checkerbox
D:5:      layout_rooms, kennysheep_orc_sif_temple, uniq_grinder

Skill      XL: |  1  2  3 |
---------------+----------+-----
Axes           | 3 4 |  4.7
Fighting       | |  2.4
Dodging        | |  2.4

Action                   |  1- 3 |  4- 6 || total
-------------------------+-------+-------++-------
Melee: Hand axe          |   132 |    98 ||   230
       Punch             |       |     1 ||     1
  Use: Potion            |     1 |       ||     1
 Stab: Sleeping          |     1 |       ||     1
Armor: Animal skin       |    57 |    39 ||    96
Dodge: Dodged            |    71 |    51 ||   122
